 Dungeon Crawl Stone Soup version 0.31.0-32-g396128a36d (webtiles) character file.

Game seed: 2926068280773148559

58 Heoruswealwe the Conjurer (level 3, -1/19 HPs)
             Began as a Deep Elf Conjurer on Mar 21, 2024.
             Was a Follower of Kikubaaqudgha.
             Slain by a cerulean imp
             ... wielding a +2 spear
             ... summoned by Natasha
              (2 damage)
             ... on level 2 of the Dungeon.
             The game lasted 00:15:10 (1496 turns).

Heoruswealwe the Conjurer (Deep Elf Conjurer)       Turns: 1496, Time: 00:15:10

Health: -1/19      AC:  3    Str:  4    XL:     3   Next: 76%
Magic:  1/11       EV: 12    Int: 24    God:    Kikubaaqudgha [*.....]
Gold:   125        SH:  0    Dex: 13    Spells: 2/11 levels left

rFire   . . .        (no weapon)
rCold   . . .        (no shield)
rNeg    . . .        c - +0 robe
rPois   .            (no helmet)
rElec   .            h - +0 cloak
rCorr   .            (no gloves)
SInv    .            (no boots)
Will    .....        (no amulet)
Stlth   ++           (no ring)
HPRegen 0.23/turn    (no ring)
MPRegen 0.12/turn

%: no passive effects
@: no status effects
A: no striking features
a: Renounce Religion, Unearth Wretches


You were on level 2 of the Dungeon.
You worshipped Kikubaaqudgha.
Kikubaaqudgha was aware of your devotion.
You visited 1 branch of the dungeon, and saw 2 of its levels.

You collected 125 gold pieces.

Inventory:

Armour
 b - a +0 robe
 c - a +0 robe (worn)
 h - a +0 cloak (worn)
Wands
 l - a wand of roots (11)
 m - a wand of polymorph (10)
Scrolls
 d - a scroll of teleportation {unknown}
 e - a scroll of vulnerability {unknown}
 g - 4 scrolls of enchant weapon {unknown}
 j - a scroll of fear {unknown}
Potions
 a - a potion of enlightenment {unknown}
 f - a potion of brilliance {unknown}
 i - a potion of curing {unknown}
 k - a potion of mutation {unknown}


   Skills:
 - Level 2.4 Dodging
 - Level 2.4 Stealth
 + Level 4.5 Spellcasting
 + Level 5.2 Conjurations


You had 2 spell levels left.
You knew the following spells:

 Your Spells              Type           Power      Damage    Failure   Level
a - Magic Dart            Conj           100%       1d8       1%          1
b - Searing Ray           Conj           60%        2d6       1%          2
c - Dazzling Flash        Conj/Hex       36%        N/A       10%         3
d - Hailstorm             Conj/Ice       18%        3d7       10%         3

Your spell library contained the following spells:

 Spells                   Type           Power      Damage    Failure   Level
 Cigotuvi's Dreadful Rot  Necr/Alch/Air  10%        N/A       14%         2
 Sublimation of Blood     Necr           5%         N/A       14%         2
 Summon Ice Beast         Ice/Summ       5%         N/A       28%         3
 Vampiric Draining        Necr           5%         2d6       28%         3
 Volatile Blastmotes      Fire/Tloc      10%        2d10      28%         3
 Fulminant Prism          Conj/Alch      9%         3d6       30%         4
 Iskenderun's Mystic Bla  Conj/Tloc      18%        2d6       30%         4
 Animate Dead             Necr           5%         N/A       67%         4
 Starburst                Conj/Fire      9%         6d5       99%         6
 Sculpt Simulacrum        Ice/Alch       2%         N/A       100%        6
 Maxwell's Capacitive Co  Air            2%         ∞         100%        8


Dungeon Overview and Level Annotations

Branches:
Dungeon (2/15)

Altars:
Kikubaaqudgha

Annotations:
D:2 Natasha


Message History

Natasha misses you.
You closely miss Natasha.
Natasha is lightly wounded.
Natasha casts a spell at you. You resist with some effort.
You hit Natasha but do no damage.
Natasha is lightly wounded.
Natasha stares at you and mumbles some strange words.
The magic dart hits you.
You closely miss Natasha.
Natasha is lightly wounded.
Natasha casts a spell at you. The magic dart hits you!
Natasha mumbles some strange words.
You are too injured to fight recklessly!
Casting: Magic Dart (safe; 1% risk of failure)
Confirm with . or Enter, or press ? or * to list all spells.
Aiming: Magic Dart (safe; 1% risk of failure)
Press: ? - help, Shift-Dir - straight line, f - Natasha
Aim: Natasha (lightly wounded, 100% to hit)
The magic dart hits Natasha.
Natasha is moderately wounded.
Natasha completely misses you.
Natasha stares at you and mumbles some strange words.
The magic dart hits you.
* * * LOW HITPOINT WARNING * * *
Natasha casts a spell at you. The magic dart hits you.
* * * LOW HITPOINT WARNING * * *
Natasha mumbles some strange words.
Natasha mumbles some strange words.
The cerulean imp disappears in a puff of smoke!
The cerulean imp attacks as it pursues you!
The cerulean imp hits you but does no damage.
The cerulean imp attacks as it pursues you!
The cerulean imp hits you from afar with a +2 spear.
* * * LOW HITPOINT WARNING * * *
The cerulean imp hits you from afar with a +2 spear.
You die...
Kikubaaqudgha rasps: "You have failed me!
Welcome... death!"

############ ##..........##
##[...........##
#..............#
#.........§§...#####
############..@.5h.g...........
#...............5...........###
#.##########.....r..........#
#.######## ##...............#
#........# ##)†).........#.#
#........# #..###.##.###..#
#........# ##.....##..##.####
#........# #..#..###...(....
#........######....## ##.......


You could see Natasha, 2 cerulean imps, a hobgoblin and a rat.

Vanquished Creatures
  2 dart slugs (D:1)
  A ribbon worm (D:2)
  4 bats
  6 endoplasms
  A giant cockroach (D:1)
  9 goblins
  3 hobgoblins
  3 jackals (D:1)
  5 kobolds
  2 quokkas (D:1)
  5 ball pythons
  A frilled lizard (D:1)
  4 rats
46 creatures vanquished.

Notes
Turn   | Place    | Note
-------+----------+-------------------------------------------
     0 | D:1      | Heoruswealwe the Deep Elf Conjurer began the quest for the
                  | Orb.
     0 | D:1      | Reached XP level 1. HP: 10/10 MP: 6/6
   103 | D:1      | Reached XP level 2. HP: 13/15 MP: 0/8
   151 | D:1      | Learned a level 2 spell: Searing Ray
   686 | D:1      | Found a faded altar of an unknown god.
   738 | D:1      | Reached skill level 5 in Conjurations
   738 | D:1      | Reached XP level 3. HP: 10/19 MP: 4/10
   844 | D:1      | Prayed at the altar of an unknown god.
   844 | D:1      | Became a worshipper of Kikubaaqudgha
   844 | D:1      | Reached * piety under Kikubaaqudgha
   844 | D:1      | Received a gift from Kikubaaqudgha
  1275 | D:2      | Learned a level 3 spell: Dazzling Flash
  1381 | D:2      | Learned a level 3 spell: Hailstorm
  1469 | D:2      | Noticed Natasha
  1496 | D:2      | Slain by a cerulean imp

Illustrated notes

Levels and vault maps discovered:
D:1:      lemuel_arrival_funnel, layout_loops_corners, serial_glass,
          glass_columns_a, glass_columns_a,
          hellmonk_ecumenical_altar_crossroads, solitary_fountain
D:2:      layout_rooms, uniq_natasha

Skill      XL: |  1  2 |
---------------+-------+-----
Spellcasting   | 4 |  4.5
Conjurations   | 5 |  5.2
Dodging        | |  2.4
Stealth        | |  2.4

Action                     || total
---------------------------++-------
  Melee: Unarmed           ||    10
   Cast: Magic Dart        ||    93
         Searing Ray       ||     1
    Use: Potion            ||     1
 Armour: Robe              ||    34
  Dodge: Dodged            ||    30
